 Dungeon Crawl Stone Soup version 0.27-a0-1202-ge72e49191c (webtiles) character file.

Game seed: 13215953354848050450

126 bilbop the Shield-Bearer (level 4, -2/41 HPs)
             Began as a Minotaur Fighter on June 4, 2021.
             Succumbed to a kobold brigand's poison
             ... on level 4 of the Dungeon.
             The game lasted 00:09:11 (3201 turns).

bilbop the Shield-Bearer (Minotaur Fighter)         Turns: 3201, Time: 00:09:11

Health: -2/41      AC:  9    Str: 22    XL:     4   Next: 84%
Magic:  3/3        EV:  5    Int:  5    God:
Gold:   115        SH: 11    Dex:  9    Spells: 3/3 levels left

rFire    . . .     SeeInvis .   o - +2 mace (protect)
rCold    . . .     Faith    .   r - +2 kite shield
rNeg     . . .     Spirit   .   m - +0 chain mail
rPois    .         Reflect  .   (helmet restricted)
rElec    .         Harm     .   (no cloak)
rCorr    .         Rampage  .   (no gloves)
Will     +....                  (no boots)
Stlth    ..........             (no amulet)
HPRegen  0.13/turn              i - ring of willpower
MPRegen  0.08/turn              (no ring)

@: lethally poisoned (-2 -> -23)
A: horns 2, retaliatory headbutt
a: no special abilities


You were on level 4 of the Dungeon.
You visited 1 branch of the dungeon, and saw 4 of its levels.

You collected 115 gold pieces.

Inventory:

Hand Weapons
 a - a +0 flail
 o - a +2 mace of protection (weapon)
Armour
 b - a +0 scale mail
 c - a +0 kite shield
 m - a +0 chain mail (worn)
 r - a +2 kite shield (worn)
 t - a scarf of invisibility
Jewellery
 i - a ring of willpower (left hand)
Scrolls
 e - a scroll of noise {unknown}
 f - 2 scrolls of teleportation {unknown}
 g - 5 scrolls of identify {unknown}
 h - a scroll of enchant armour {unknown}
 k - a scroll of amnesia {unknown}
 p - a scroll of enchant weapon {unknown}
 s - a scroll of vulnerability {unknown}
Potions
 d - a potion of might
 j - 2 potions of curing {unknown}
 l - a potion of degeneration {unknown}
 n - a potion of brilliance {unknown}
 q - a potion of haste {unknown}


   Skills:
 + Level 4.4 Fighting
 * Level 4.2 Maces & Flails
 + Level 4.4 Armour
 + Level 4.4 Shields


You had 3 spell levels left.
You didn't know any spells.
Your spell library contained the following spells:

 Spells                   Type           Power      Damage    Failure   Level
 Magic Dart               Conj           0%         1d3       100%        1
 Blink                    Tloc           N/A        N/A       100%        2
 Call Imp                 Summ           0%         N/A       100%        2
 Slow                     Hex            0%         N/A       100%        2
 Confusing Touch          Hex            0%         N/A       100%        3
 Conjure Flame            Conj/Fire      0%         6-21      100%        3
 Gell's Gravitas          Tloc           0%         N/A       100%        3
 Mephitic Cloud           Conj/Pois/Air  0%         N/A       100%        3
 Petrify                  Tmut/Erth      0%         N/A       100%        4
 Metabolic Englaciation   Hex/Ice        0%         N/A       100%        5
 Yara's Violent Unravell  Hex/Tmut       0%         3d3       100%        5


Dungeon Overview and Level Annotations

Branches:
Dungeon (4/15)
 Temple: D:4-7

Altars:
Ashenzari
Uskayaw

Annotations:
D:2 1 runed translucent door, Crazy Yiuf


Innate Abilities, Weirdness & Mutations

You have a pair of horns on your head.
You reflexively headbutt those who attack you in melee.


Message History

You headbutt the kobold brigand.
The kobold brigand is lightly wounded.
You block the kobold brigand's attack.
You hit the kobold brigand.
Your headbutt misses the kobold brigand.
The kobold brigand is moderately wounded.
The kobold brigand hits you but does no damage.
You are poisoned.
A kobold comes into view.
It is wielding a +0 club and carrying a wand of iceblast (7).
You block the kobold brigand's attack.
You barely miss the kobold brigand.
The kobold brigand is moderately wounded.
You feel very sick.
The kobold shouts!
The kobold brigand hits you with a +1 dagger of venom!
You are more poisoned.
You are too injured to fight recklessly!
You are too injured to fight recklessly!
You are too injured to fight recklessly!
You are too injured to fight recklessly!
You are too injured to fight recklessly!
You are too injured to fight recklessly!
You are too injured to fight recklessly!
You thump the kobold brigand!
The kobold brigand is severely wounded.
You feel very sick.
The kobold brigand hits you with a +1 dagger of venom.
You barely miss the kobold brigand.
The kobold brigand is severely wounded.
* * * LOW HITPOINT WARNING * * *
You feel very sick. You block the kobold brigand's attack.
* * * LOW HITPOINT WARNING * * *
You feel very sick.
The kobold brigand hits you with a +1 dagger of venom.
* * * LOW HITPOINT WARNING * * *
You are more poisoned.
The kobold hits you but does no damage.
You closely miss the kobold. Your headbutt misses the kobold.
You die...

# # ..# # ....# #
.....# # .....# #
####### #....# #
###..K..####....# #
#..K@..)........# #
......#####..))†...#
# ....#
#≈≈≈####....)# # ###
≈≈≈≈≈≈≈≈##....# #
≈≈≈≈≈≈≈≈....[..# #
####≈≈≈##.......# #.
######.......# #.#
#######.......# #..
#.............# #..


You could see a kobold brigand and a kobold.

Vanquished Creatures
  An orc priest (D:3)
  2 adders (D:3)
  A worm (D:2)
  3 dart slugs
  5 orcs (D:3)
  6 bats
  7 endoplasms
  2 giant cockroaches
  A goblin (D:1)
  5 hobgoblins
  13 kobolds
  3 quokkas
  6 ball pythons (D:1)
  5 frilled lizards
  3 rats
63 creatures vanquished.

Vanquished Creatures (others)
  17 plants (D:1)
17 creatures vanquished.

Grand Total: 80 creatures vanquished

Notes
Turn   | Place    | Note
-------+----------+-------------------------------------------
     0 | D:1      | bilbop the Minotaur Fighter began the quest for the Orb.
     0 | D:1      | Reached XP level 1. HP: 19/19 MP: 0/0
   379 | D:1      | Reached XP level 2. HP: 19/27 MP: 1/1
   951 | D:2      | Reached XP level 3. HP: 27/33 MP: 2/2
  1171 | D:2      | Found a hide-covered altar of Uskayaw.
  1325 | D:2      | Found a runed translucent door.
  1326 | D:2      | Noticed Crazy Yiuf
  2030 | D:3      | Reached XP level 4. HP: 33/40 MP: 3/3
  3084 | D:4      | Found a broken altar of Ashenzari.
  3191 | D:4      | Noticed a kobold brigand
  3201 | D:4      | Succumbed to a kobold brigand's poison

Illustrated notes

Levels and vault maps discovered:
D:1:      roderic_crop_circles_arrival_small, layout_basic
D:2:      layout_rooms, basic_altar, minivault_26, uniq_crazy_yiuf_cottage
D:3:      layout_basic
D:4:      cheibrodos_thug_alley, layout_basic, nicolae_ashenzari_panopticon,
          chequers_temple_overflow_statue_of_worship

Skill      XL: |  1  2  3 |
---------------+----------+-----
Maces & Flails | 3 4 |  4.2
Fighting       | 4 |  4.4
Shields        | 4 |  4.4
Armour         | 4 |  4.4

Action                   |  1- 3 |  4- 6 || total
-------------------------+-------+-------++-------
Melee: Flail             |   116 |     2 ||   118
       Headbutt          |    20 |     2 ||    22
       Mace              |       |    39 ||    39
Armor: Scale mail        |    51 |       ||    51
       Chain mail        |    12 |    20 ||    32
Dodge: Dodged            |    30 |     9 ||    39
Block: Kite shield       |    64 |    30 ||    94

Table legend: (Time is in decaauts)
 A = Elapsed time spent in this place.
 B = Non-inter-level travel time spent in this place.
 C = Inter-level travel time spent in this place.
 D = Time resting spent in this place.
 E = Time spent auto-exploring this place.
 F = Levels seen in this place.
 G = Mean time per level.
                   A        B        C        D        E       F      G
               +--------+--------+--------+--------+--------+-----+--------+
         Total |   3268 |   3098 |    170 |      0 |   2655 |   4 |  817.0 |
       Dungeon |   3268 |   3098 |    170 |      0 |   2655 |   4 |  817.0 |
               +--------+--------+--------+--------+--------+-----+--------+

Top non-repeatable levels by time:
     D:3: 1141 daAuts
     D:1: 966 daAuts
     D:2: 855 daAuts
     D:4: 304 daAuts
